 Dungeon Crawl Stone Soup version 0.29-a0-555-g3b24f45cc1 (webtiles) character file.

Game seed: 3724068561688347491

681 Hubjo the Changer (level 7, -7/52 HPs)
             Began as a Demonspawn Transmuter on June 7, 2022.
             Was a Priest of Cheibriados.
             Mangled by a gnoll
             ... wielding a +0 spear
              (8 damage)
             ... on level 5 of the Dungeon.
             The game lasted 00:07:52 (4777 turns).

Hubjo the Changer (Demonspawn Transmuter)           Turns: 4777, Time: 00:07:56

Health: -7/52      AC: -2    Str: 18    XL:     7   Next: 34%
Magic:  12/12      EV: 13    Int: 22    God:    Cheibriados [***...]
Gold:   673        SH:  0    Dex: 24    Spells: 7/12 levels left

rFire   . . .      SeeInvis +     - Unarmed
rCold   . . .      Faith    .   (no shield)
rNeg    . . .      Spirit   .   a - +0 robe
rPois   .          Reflect  .   (helmet restricted)
rElec   .          Harm     .   (no cloak)
rCorr   .          Rampage  .   (no gloves)
Will    .....                   (no boots)
Stlth   +++.......              (no amulet)
HPRegen 0.17/turn               q - ring of see invisible
MPRegen 0.26/turn               (no ring)

@: about to teleport, corroded, very slow
A: claws 1, horns 1, powered by death 1, magic regeneration, weakness stinger 1
a: Renounce Religion, Bend Time, Temporal Distortion


You were on level 5 of the Dungeon.
You worshipped Cheibriados.
Cheibriados was most pleased with you.
You visited 1 branch of the dungeon, and saw 5 of its levels.

You collected 673 gold pieces.

Inventory:

Armour
 a - a +0 robe (worn)
Jewellery
 q - a ring of see invisible (left claw)
Scrolls
 c - a scroll of acquirement
 d - 2 scrolls of teleportation
 e - a scroll of enchant weapon
 h - a scroll of enchant armour {unknown}
 j - a scroll of fear {unknown}
 l - a scroll of noise {unknown}
 o - a scroll of torment {unknown}
 p - a scroll of amnesia {unknown}
 r - a scroll of poison {unknown}
 s - a scroll of identify
Potions
 b - a potion of lignification
 f - a potion of resistance {unknown}
 g - a potion of haste {unknown}
 i - a potion of invisibility {unknown}
 k - a potion of heal wounds {unknown}
 m - 2 potions of attraction {unknown}
 n - 3 potions of curing


   Skills:
 + Level 3.3 Fighting
 - Level 1.7 Dodging
 + Level 2.8 Stealth
 + Level 3.8 Unarmed Combat
 + Level 3.4 Spellcasting
 * Level 4.1 Transmutations
 + Level 1.9 Ice Magic


You had 7 spell levels left.
You knew the following spells:

 Your Spells              Type           Power      Damage    Failure   Level
a - Beastly Appendage     Tmut           44%        N/A       2%          1
b - Ice Form              Ice/Tmut       17%        N/A       32%         4

Your spell library contained the following spells:

 Spells                   Type           Power      Damage    Failure   Level
 Wereblood                Tmut           22%        N/A       3%          2
 Passwall                 Tmut/Erth      10%        N/A       8%          2
 Ensorcelled Hibernation  Hex/Ice        16%        N/A       12%         2
 Spider Form              Tmut/Pois      13%        N/A       16%         3
 Swiftness                Air            3%         N/A       34%         3
 Passage of Golubria      Tloc           3%         N/A       75%         4
 Silence                  Hex/Air        1%         N/A       97%         5
 Lehudib's Crystal Spear  Conj/Erth      1%         10d2      100%        8


Dungeon Overview and Level Annotations

Branches:
Dungeon (5/15)
 Temple: D:4-7

Altars:
Cheibriados
Nemelex Xobeh

Annotations:
D:4 3 runed translucent doors, Gelos's ghost, novice OpTm; bchevrier's ghost, amateur MiFi; samgaumpmail's ghost, novice MeFi


Innate Abilities, Weirdness & Mutations

You have sharp fingernails.
You have a pair of small horns on your head.
You regenerate a little health from kills.
You regenerate magic rapidly.
You have a small tail.


Message History

The gnoll hits you from afar with a +0 spear.
You scratch the ogre.
The ogre is lightly wounded.
A jelly comes into view.
The ogre completely misses you.
The gnoll hits you from afar with a +0 spear.
You are too injured to fight recklessly!
You are too injured to fight recklessly!
You are too injured to fight recklessly!
You barely miss the ogre. You tail-slap the ogre.
The ogre is lightly wounded.
The gnoll misses you.
You barely miss the ogre. You tail-slap the ogre!
The ogre is heavily wounded.
The ogre barely misses you. The gnoll completely misses you.
You scratch the ogre. You headbutt the ogre. You tail-slap the ogre.
The ogre is severely wounded.
The ogre closely misses you. The gnoll barely misses you.
You scratch the ogre but do no damage.
The ogre is severely wounded.
The gnoll barely misses you.
You barely miss the ogre.
You headbutt the ogre, but do no damage.
The ogre is severely wounded.
The ogre hits you with a +0 giant club!!
* * * LOW HITPOINT WARNING * * *
You scratch the ogre.
The ogre is almost dead.
The gnoll closely misses you.
You scratch the ogre. You headbutt the ogre.
You kill the ogre!
Cheibriados appreciates the change of pace.
The gnoll barely misses you.
As you read the scroll of teleportation, it crumbles to dust.
You feel strangely unstable. The jelly hits you.
* * * LOW HITPOINT WARNING * * *
The acid corrodes you!
You are splashed with acid.
* * * LOW HITPOINT WARNING * * *
The gnoll hits you from afar with a +0 spear!
You die...

#.#
#....)..##
..
####†.#..#
.##
#...†...#
#.#...#...#
#..###.....
###†# .###.
#...##'...
#####..#...#
#
#.....@J.#.#
#...g##### #
#.... #....
#####


You could see a jelly and a gnoll.

Vanquished Creatures
  An ogre (D:5)
  A centaur (D:5)
  A necrophage (D:5)
  A scorpion (D:4)
  An orc priest (D:4)
  2 hounds (D:4)
  Jessica (D:3)
  An iguana (D:5)
  2 orc wizards (D:4)
  Robin (D:2)
  8 adders
  A shadow imp (D:5)
  A white imp (D:5)
  4 worms
  7 orcs
  A ball python (D:2)
  6 bats
  5 endoplasms
  5 giant cockroaches
  14 goblins
  12 hobgoblins
  13 kobolds
  7 quokkas
  4 frilled lizards
  5 rats
105 creatures vanquished.

Notes
Turn   | Place    | Note
-------+----------+-------------------------------------------
     0 | D:1      | Hubjo the Demonspawn Transmuter began the quest for the
                  | Orb.
     0 | D:1      | Reached XP level 1. HP: 15/15 MP: 3/3
   281 | D:1      | Gained mutation: You regenerate a little health from kills.
                  | [demonic ancestry]
   281 | D:1      | Reached XP level 2. HP: 18/21 MP: 3/5
   539 | D:1      | Reached skill level 2 in Transmutations
   553 | D:1      | Reached skill level 1 in Stealth
   836 | D:1      | Discovered your monstrous ancestry.
   836 | D:1      | Gained mutation: You have a small tail. [demonic ancestry]
   836 | D:1      | Reached XP level 3. HP: 24/27 MP: 3/6
  1025 | D:1      | Found a faded altar of an unknown god.
  1123 | D:1      | Prayed at the altar of an unknown god.
  1123 | D:1      | Became a worshipper of Cheibriados the Contemplative
  1123 | D:1      | Reached * piety under Cheibriados
  1147 | D:1      | You fall into a shaft and drop 1 floor!
  1574 | D:2      | Noticed Robin
  1586 | D:2      | Reached ** piety under Cheibriados
  1598 | D:2      | Killed Robin
  1599 | D:2      | Gained mutation: You have sharp fingernails. [demonic
                  | ancestry]
  1599 | D:2      | Reached XP level 4. HP: 16/33 MP: 5/7
  2075 | D:2      | Learned a level 4 spell: Ice Form
  2852 | D:3      | Noticed Jessica
  2855 | D:3      | Killed Jessica
  2856 | D:3      | Reached XP level 5. HP: 39/39 MP: 6/9
  3236 | D:4      | Reached *** piety under Cheibriados
  3237 | D:4      | Reached skill level 3 in Transmutations
  3318 | D:4      | Reached skill level 1 in Ice Magic
  3651 | D:4      | Gained mutation: You regenerate magic rapidly. [demonic
                  | ancestry]
  3651 | D:4      | Reached XP level 6. HP: 29/46 MP: 8/10
  3857 | D:4      | Found a runed translucent gate.
  3857 | D:4      | Found a runed translucent gate.
  3858 | D:4      | Found a runed translucent gate.
  4309 | D:4      | Noticed Gelos's ghost (novice OpTm)
  4310 | D:4      | Noticed bchevrier's ghost (amateur MiFi)
  4310 | D:4      | Noticed samgaumpmail's ghost (novice MeFi)
  4504 | D:4      | Identified a scroll of acquirement
  4506 | D:4      | Acquired 477 gold pieces
  4578 | D:5      | Entered Level 5 of the Dungeon
  4697 | D:5      | Found a sparkling altar of Nemelex Xobeh.
  4744 | D:5      | Mutation became permanent: You have a pair of small horns
                  | on your head. [demonic ancestry]
  4744 | D:5      | Gained mutation: You have a pair of horns on your head.
                  | [demonic ancestry]
  4744 | D:5      | Reached XP level 7. HP: 52/52 MP: 11/11
  4768 | D:5      | Reached skill level 4 in Transmutations
  4777 | D:5      | HP: 1/52 [acid (6)]
  4777 | D:5      | Mangled by a gnoll

Illustrated notes

Levels and vault maps discovered:
D:1:      lemuel_arrival_broad_hall, layout_loops_ring,
          shapermc_ecumenical_altar_mp_vishouse, minmay_hedge_maze,
          st_stairs_10, corexii_item_surrounded_by_moat, solitary_fountain,
          minmay_misc_feat_columns
D:2:      layout_loops_ring, uniq_robin
D:3:      layout_basic, uniq_jessica
D:4:      layout_rooms, gammafunk_ghost_cemetery, hangedman_decor_slide_cut,
          chequers_serial_rivers_room_b
D:5:      layout_rooms, nemelex_xobeh_ov_fountains_minmay, grunt_gozag_statues,
          nicolae_elyvilon_peaceful_grove, minmay_fractal_squares_diagonal_5,
          uniq_blork_the_orc, uniq_crazy_yiuf_cottage

Skill      XL: |  1  2  3  4  5  6  7 |
---------------+----------------------+-----
Transmutations | 2 3 4 |  4.1
Stealth        | 1 2 |  2.8
Fighting       | 2 3 |  3.3
Unarmed Combat | 3 |  3.8
Ice Magic      | 1 |  1.9
Spellcasting   | 3 |  3.4
Dodging        | |  1.7

Action                   |  1- 3 |  4- 6 |  7- 9 || total
-------------------------+-------+-------+-------++-------
Melee: Unarmed           |   104 |   128 |    16 ||   248
       Kick              |    22 |    38 |     1 ||    61
       Headbutt          |     6 |    26 |     3 ||    35
       Tailslap          |     5 |    18 |     3 ||    26
       Punch             |     1 |     5 |       ||     6
 Cast: Beastly Appendage |    24 |    30 |     1 ||    55
  Use: Scroll            |     1 |     3 |     1 ||     5
 Stab: Sleeping          |     1 |     4 |       ||     5
Armor: Robe              |    26 |    23 |     3 ||    52
Dodge: Dodged            |    73 |    88 |    22 ||   183

Table legend: (Time is in decaauts)
 A = Elapsed time spent in this place.
 B = Non-inter-level travel time spent in this place.
 C = Inter-level travel time spent in this place.
 D = Time resting spent in this place.
 E = Time spent auto-exploring this place.
 F = Levels seen in this place.
 G = Mean time per level.
                   A        B        C        D        E       F      G
               +--------+--------+--------+--------+--------+-----+--------+
         Total |   5977 |   5616 |    361 |      0 |   4785 |   5 | 1195.4 |
       Dungeon |   5977 |   5616 |    361 |      0 |   4785 |   5 | 1195.4 |
               +--------+--------+--------+--------+--------+-----+--------+

Top non-repeatable levels by time:
     D:4: 1774 daAuts
     D:3: 1550 daAuts
     D:2: 1271 daAuts
     D:1: 1152 daAuts
     D:5: 228 daAuts
